 Dungeon Crawl Stone Soup version 0.21.1-1-g345015f (webtiles) character file.

102 Fang the Skirmisher (level 4, -5/29 HPs)
             Began as a Gargoyle Berserker on June 15, 2018.
             Was a Believer of Trog.
             Killed by divine providence
             ... invoked by an orc priest
              (11 damage)
             ... on level 3 of the Dungeon.
             The game lasted 00:01:56 (2245 turns).

Fang the Skirmisher (Gargoyle Berserker)            Turns: 2245, Time: 00:01:57

Health: -5/29      AC:  5    Str: 21    XL:     4   Next: 78%
Magic:  4/4        EV: 12    Int:  8    God:    Trog [**....]
Gold:   66         SH:  0    Dex:  9    Spells: 3/3 levels left

rFire    . . .     SeeInvis .   a - +0 hand axe
rCold    . . .     Gourm    .   (no shield)
rNeg     + . .     Faith    .   b - +0 animal skin
rPois    ∞         Spirit   .   (no helmet)
rElec    +         Reflect  .   (no cloak)
rCorr    .         Harm     .   (no gloves)
MR       .....                  (no boots)
Stlth    +.........             (no amulet)
HPRegen  0.09/turn              (no ring)
MPRegen  0.09/turn              (no ring)

@: confused
A: negative energy resistance 1, electricity resistance, unbreathing,
petrification resistance, rot immunity, AC +3
a: Berserk, Trog's Hand, Burn Spellbooks, Renounce Religion


You were on level 3 of the Dungeon.
You worshipped Trog.
Trog was pleased with you.
You were not hungry.

You visited 1 branch of the dungeon, and saw 3 of its levels.

You collected 66 gold pieces.

Inventory:

Hand Weapons
 a - a +0 hand axe (weapon)
Armour
 b - a +0 animal skin (worn)
Jewellery
 n - an uncursed ring of see invisible {unknown}
Scrolls
 e - 4 scrolls of remove curse {unknown}
 f - 2 scrolls of teleportation {unknown}
 g - a scroll of random uselessness {unknown}
 h - 4 scrolls of identify {unknown}
 l - a scroll of noise {unknown}
 m - a scroll of enchant weapon {unknown}
Potions
 d - a potion of haste {unknown}
 i - a potion of heal wounds {unknown}
 j - 2 potions of brilliance {unknown}
 k - 2 potions of lignification {unknown}
Comestibles
 c - 4 rations


   Skills:
 + Level 4.1 Fighting
 + Level 3.8 Axes
 + Level 2.2 Armour
 + Level 2.3 Dodging


You had 3 spell levels left.
You didn't know any spells.

Dungeon Overview and Level Annotations

Branches:
Dungeon (3/15)

Altars:
Gozag
Nemelex Xobeh
Okawaru
Zin


Innate Abilities, Weirdness & Mutations

You are resistant to torment.
Your stone body is resilient. (AC +3)
You are immune to poison.
You resist negative energy. (rN+)
You are resistant to electric shocks. (rElec)
You can survive without breathing.
You are immune to petrification.
You are immune to rotting.


Message History

The orc priest mumbles some strange prayers to Beogh against you.
Beogh smites you!
You hit the orc wizard.
The orc wizard is moderately wounded.
The orc wizard hits you with a dagger of speed.
The orc wizard points at you and mumbles some strange words.
You are confused.
You are too confused!
You are too confused!
You are too confused!
You are too confused!
You are too confused!
You're too confused!
You're too confused!
You're too confused!
You bump into the rock wall.
The orc hits you with a flail!
* * * LOW HITPOINT WARNING * * *
The orc priest invokes the aid of Beogh against you.
Beogh smites you!
You die...

##...#.# ........##
#####......# .........#)
............ [..........
###.....##. ..........#
#........ ........#.#
###....#... .%......#.#
#..........
......oo#.###..#....#...
....>.o@#.....##....#...
...........### #........
########(..#####........
#...#............
#.......#####....
#...##### #.... #...#
#.... #...# ##### #####


You could see an orc priest, an orc wizard and an orc.

Vanquished Creatures
  2 adders (D:3)
  An ooze (D:1)
  2 worms
  3 dart slugs
  4 leopard geckos
  8 orcs (D:3)
  6 bats
  A giant cockroach (D:1)
  4 goblins
  5 hobgoblins
  A quokka (D:2)
  2 ball pythons
  4 frilled lizards
  5 kobolds
  7 rats
55 creatures vanquished.

Notes
Turn   | Place    | Note
-------+----------+-------------------------------------------
     0 | D:1      | Fang the Gargoyle Berserker began the quest for the Orb.
     0 | D:1      | Reached XP level 1. HP: 14/14 MP: 1/1
     6 | D:1      | Noticed a killer bee
     6 | D:1      | Noticed a water moccasin
     7 | D:1      | Noticed a swamp drake
     7 | D:1      | Noticed a swamp worm
    43 | D:1      | You fall through a shaft!
   377 | D:2      | Found an iron altar of Okawaru.
   380 | D:2      | Reached XP level 2. HP: 19/19 MP: 2/2
   742 | D:2      | Found a glowing silver altar of Zin.
   774 | D:2      | Found an opulent altar of Gozag.
   984 | D:2      | Reached XP level 3. HP: 20/24 MP: 3/3
  1225 | D:1      | Reached skill level 4 in Fighting
  1341 | D:1      | Reached ** piety under Trog
  1393 | D:1      | Found a sparkling altar of Nemelex Xobeh.
  1919 | D:3      | Reached XP level 4. HP: 28/29 MP: 4/4
  2245 | D:3      | Killed from afar by an orc priest

Skill      XL: |  1  2  3 |
---------------+----------+-----
Axes           | 3 |  3.8
Fighting       | 4 |  4.1
Dodging        | 2 |  2.3
Armour         | |  2.2

Action                   |  1- 3 |  4- 6 || total
-------------------------+-------+-------++-------
Melee: Hand axe          |   142 |    31 ||   173
Invok: Berserk           |       |     1 ||     1
  Eat: Chunk             |     3 |     2 ||     5
Armor: Animal skin       |    52 |    13 ||    65
Dodge: Dodged            |   105 |    29 ||   134
